Connexion

PHILADELPHIA Flyers vs COLUMBUS Blue Jackets

Created - 18 avril 2024 at 05:44

Goals
1 2 3 T
PHILADELPHIA Flyers 2 0 0 2
COLUMBUS Blue Jackets 1 2 0 3
Shots
1 2 3 T
PHILADELPHIA Flyers 11 8 11 30
COLUMBUS Blue Jackets 9 10 10 29

GoalsPenalties
1st period
1. COLUMBUS Blue Jackets , Rudolfs Balcers 2 (William Lagesson 5) at 5:23
2. PHILADELPHIA Flyers , Vincent Hinostroza 1 (Austin Czarnik 1, Pavel Buchnevich 1) at 8:09
3. PHILADELPHIA Flyers , Pavel Buchnevich 1 (Austin Czarnik 2) at 12:20
Carson Soucy (CLB) for Roughing (Minor) at 5:34
Carson Soucy (CLB) for Fighting (Major) at 15:15
Tim Stutzle (PHI) for Fighting (Major) at 15:15
Carson Soucy (CLB) for instigated a fight (Game Misconduct) at 15:15
2nd period
4. COLUMBUS Blue Jackets , Bo Horvat 2 (Yan Gourde 5, John Marino 3) at 7:12
5. COLUMBUS Blue Jackets , Tyler Johnson 2 (John Marino 4, Jack Roslovic 2) at 12:36
No Penalty
3rd period
No Goal
William Lagesson (CLB) for Tripping (Minor) at 3:58
Goalie Stats
Stuart Skinner (PHI), 26 saves from 29 shots - (0,897), L, 1-4-0, 58:26 minutes
Vitek Vanecek (CLB), 28 saves from 30 shots - (0,933), W, 4-1-0, 60:00 minutes
3 StarsOfficial
1 - Pavel Buchnevich (PHI)
2 - John Marino (CLB)
3 - Vincent Hinostroza (PHI)
Referees : Dave Jackson and Dan O'Halloran
Linesman : Darren Gibbs and Brian Murphy
Game Note
Carson Soucy and Tim Stutzle fight to a draw at 15:15 of 1st period
Carson Soucy (CLB) for instigated a fight (Game Misconduct) at 15:15
Carson Soucy ejected from game at 15:15 of 1st period
Tyler Johnson is injured at 18:01 of 2nd period (Strained Left Elbow)
Finance
Level 1 -- Attendance: 6000 (100,00%) -- Ticket Income $780,000
Level 2 -- Attendance: 5144 (100,00%) -- Ticket Income $437,240
Level 3 -- Attendance: 2000 (100,00%) -- Ticket Income $110,000
Level 4 -- Attendance: 4000 (100,00%) -- Ticket Income $140,000
Luxury Box -- Attendance: 1000 (100,00%) -- Ticket Income $235,000
Game was played at the Nationwide Arena.
Total Attendance: 18144 (100,00%)
Total Ticket Income: $1,702,240
Other Income: $340,448
Total Income: $2,042,688



Team Name Goals Shots Shots Attemp Shots Blocked PIM HIT PP PK FO%
PHILADELPHIA Flyers 2304955210 / 3 (0%)047%
COLUMBUS Blue Jackets 32958521110 / 0 (0,00%053%

PHILADELPHIA Flyers
Player Name POS G A P +/- PIM HIT SHT SB MP PP MP PP SHT PK MP PK SHT FO% FOT
Adam FoxD000-2022024:583:3120:0000% 0
Austin CzarnikC/RW0222013122:172:4510:00039% 28
Brandon MontourD0000002219:172:2610:0000% 0
Carl GrundstromRW000-200206:060:0000:0000% 0
Charlie CoyleC/RW0000001016:153:1200:00038% 13
Haydn FleuryD0001010015:450:0000:0000% 0
Jordan StaalC000-1010015:460:0000:00058% 12
Kasperi KapanenLW/RW0000002013:290:0000:0000% 1
Matt RoyD0001031115:450:0000:0000% 0
Oscar KlefbomD0000032019:172:2620:0000% 0
Pavel BuchnevichLW/RW1122024022:172:4520:000100% 2
Seth JarvisC/LW/RW000-201106:060:0000:00022% 9
T.J. OshieC/LW/RW000-1001017:352:3900:00075% 4
Tim StutzleC/LW0000513013:580:5400:000100% 1
Tj BrodieD000-2023124:583:3100:0000% 0
Tomas TatarLW/RW000-1011017:472:5100:000100% 2
Vincent HinostrozaC/RW1012032022:172:4500:000100% 2
Zach PariseC/LW000-200006:060:0000:0000% 0
COLUMBUS Blue Jackets
Player Name POS G A P +/- PIM HIT SHT SB MP PP MP PP SHT PK MP PK SHT FO% FOT
Artturi LehkonenLW/RW000-1005019:530:0003:5700% 1
Bo HorvatC1011013018:150:0002:00065% 17
Carson SoucyD0000191004:300:0000:0000% 0
Colin BlackwellC/LW/RW000-1001011:160:0000:20056% 16
Dante FabbroD0002001128:020:0003:2800% 0
Jack RoslovicC/RW0110002019:570:0000:00067% 3
John MarinoD0222012125:010:0002:5200% 0
Jordan GrossD000-1001021:060:0000:3500% 0
Justin DanforthRW000101108:370:0000:000100% 1
Nick PaulLW0001000010:370:0002:00050% 6
Nino NiederreiterLW/RW000-100209:140:0000:0000% 0
Pierre-luc DuboisC/LW0000030019:570:0000:00060% 20
Rudolfs BalcersLW/RW101102208:460:0000:0000% 1
Sven BaertschiLW0001000116:280:0000:0000% 1
Tyler JohnsonC/LW/RW1010004011:590:0000:0000% 1
Will BorgenD000-1000118:320:0002:4500% 0
William LagessonD0110220121:580:0002:1400% 0
Yan GourdeC/LW/RW0111005019:520:0003:37014% 7



Play-by-Play

1st period


0:01 of 1st period - Pierre-luc Dubois wins face-off versus Austin Czarnik in neutral zone.
0:45 of 1st period - Off-side.
0:46 of 1st period - Jordan Staal wins face-off versus Bo Horvat in neutral zone.
0:56 of 1st period - Shot by Yan Gourde.
0:56 of 1st period - Shot Blocked by Brandon Montour.
0:58 of 1st period - Shot by Sven Baertschi.
0:58 of 1st period - Shot Misses the Net.
1:21 of 1st period - Shot by Yan Gourde.
1:21 of 1st period - Stopped by Stuart Skinner without a rebound.
1:22 of 1st period - Colin Blackwell wins face-off versus Charlie Coyle in PHILADELPHIA Flyers zone.
1:50 of 1st period - Shot by Nino Niederreiter.
1:50 of 1st period - Stopped by Stuart Skinner without a rebound.
1:51 of 1st period - Nick Paul wins face-off versus Seth Jarvis in PHILADELPHIA Flyers zone.
5:09 of 1st period - Shot by Nino Niederreiter.
5:09 of 1st period - Shot Misses the Net.
5:23 of 1st period - Shot by Rudolfs Balcers.
5:23 of 1st period - Goal by Rudolfs Balcers - PHILADELPHIA Flyers : 0 - COLUMBUS Blue Jackets : 1.
5:24 of 1st period - Pierre-luc Dubois wins face-off versus Charlie Coyle in neutral zone.
5:34 of 1st period - Minor Penalty to Carson Soucy for Roughing.
5:35 of 1st period - Pavel Buchnevich wins face-off versus Yan Gourde in COLUMBUS Blue Jackets zone.
5:56 of 1st period - Shot by Austin Czarnik.
5:56 of 1st period - Shot Misses the Net.
5:58 of 1st period - Shot by Adam Fox.
5:58 of 1st period - Stopped by Vitek Vanecek with a rebound.
6:02 of 1st period - Shot by Pavel Buchnevich.
6:02 of 1st period - Stopped by Vitek Vanecek without a rebound.
6:03 of 1st period - Vincent Hinostroza wins face-off versus Yan Gourde in COLUMBUS Blue Jackets zone.
7:00 of 1st period - Shot by Adam Fox.
7:00 of 1st period - Stopped by Vitek Vanecek without a rebound.
7:01 of 1st period - Tim Stutzle wins face-off versus Bo Horvat in COLUMBUS Blue Jackets zone.
7:40 of 1st period - Shot by Tyler Johnson.
7:40 of 1st period - Shot Misses the Net.
7:47 of 1st period - Off-side.
7:48 of 1st period - Austin Czarnik wins face-off versus Tyler Johnson in neutral zone.
8:05 of 1st period - Shot by Pavel Buchnevich.
8:05 of 1st period - Shot Blocked by William Lagesson.
8:07 of 1st period - Shot by Austin Czarnik.
8:07 of 1st period - Shot Hit the Post.
8:09 of 1st period - Shot by Vincent Hinostroza.
8:09 of 1st period - Goal by Vincent Hinostroza - PHILADELPHIA Flyers : 1 - COLUMBUS Blue Jackets : 1.
8:10 of 1st period - Bo Horvat wins face-off versus Seth Jarvis in neutral zone.
8:18 of 1st period - Shot by Sven Baertschi.
8:18 of 1st period - Deflect By Yan Gourde.
8:18 of 1st period - Stopped by Stuart Skinner without a rebound.
8:19 of 1st period - Charlie Coyle wins face-off versus Bo Horvat in PHILADELPHIA Flyers zone.
8:35 of 1st period - Icing by Dante Fabbro.
8:36 of 1st period - Bo Horvat wins face-off versus Austin Czarnik in COLUMBUS Blue Jackets zone.
9:25 of 1st period - Icing by Oscar Klefbom.
9:26 of 1st period - Pierre-luc Dubois wins face-off versus Austin Czarnik in PHILADELPHIA Flyers zone.
10:17 of 1st period - Shot by Tim Stutzle.
10:17 of 1st period - Shot Misses the Net.
10:19 of 1st period - Shot by Kasperi Kapanen.
10:19 of 1st period - Stopped by Vitek Vanecek without a rebound.
10:20 of 1st period - Colin Blackwell wins face-off versus Jordan Staal in COLUMBUS Blue Jackets zone.
10:46 of 1st period - Shot by Colin Blackwell.
10:46 of 1st period - Deflect By Nino Niederreiter.
10:46 of 1st period - Stopped by Stuart Skinner without a rebound.
10:47 of 1st period - Bo Horvat wins face-off versus Seth Jarvis in PHILADELPHIA Flyers zone.
10:54 of 1st period - Shot by Yan Gourde.
10:54 of 1st period - Shot Misses the Net.
11:12 of 1st period - Shot by Yan Gourde.
11:12 of 1st period - Stopped by Stuart Skinner with a rebound.
12:14 of 1st period - Shot by Tyler Johnson.
12:14 of 1st period - Stopped by Stuart Skinner without a rebound.
12:15 of 1st period - Austin Czarnik wins face-off versus Colin Blackwell in PHILADELPHIA Flyers zone.
12:20 of 1st period - Shot by Pavel Buchnevich.
12:20 of 1st period - Goal by Pavel Buchnevich - PHILADELPHIA Flyers : 2 - COLUMBUS Blue Jackets : 1.
12:21 of 1st period - Pierre-luc Dubois wins face-off versus Austin Czarnik in neutral zone.
12:38 of 1st period - Icing by Austin Czarnik.
12:39 of 1st period - Pavel Buchnevich wins face-off versus Colin Blackwell in PHILADELPHIA Flyers zone.
12:51 of 1st period - Shot by Austin Czarnik.
12:51 of 1st period - Stopped by Vitek Vanecek without a rebound.
12:52 of 1st period - Jack Roslovic wins face-off versus Charlie Coyle in COLUMBUS Blue Jackets zone.
13:00 of 1st period - Carson Soucy is hit by Tim Stutzle and loses puck.
13:19 of 1st period - Shot by Tim Stutzle.
13:19 of 1st period - Stopped by Vitek Vanecek with a rebound.
13:31 of 1st period - Shot by Jack Roslovic.
13:31 of 1st period - Stopped by Stuart Skinner without a rebound.
13:32 of 1st period - Colin Blackwell wins face-off versus Austin Czarnik in PHILADELPHIA Flyers zone.
13:59 of 1st period - Shot by Vincent Hinostroza.
13:59 of 1st period - Shot Misses the Net.
14:10 of 1st period - Shot by Austin Czarnik.
14:10 of 1st period - Stopped by Vitek Vanecek without a rebound.
14:11 of 1st period - Bo Horvat wins face-off versus Jordan Staal in COLUMBUS Blue Jackets zone.
15:03 of 1st period - Adam Fox is hit by Carson Soucy.
15:15 of 1st period - Shot by Tim Stutzle.
15:15 of 1st period - Stopped by Vitek Vanecek without a rebound.
15:15 of 1st period - Carson Soucy and Tim Stutzle fight to a draw.
15:15 of 1st period - Penalty to Carson Soucy for Fighting.
15:15 of 1st period - Penalty to Tim Stutzle for Fighting.
15:15 of 1st period - Penalty to Carson Soucy for instigated a fight.
15:15 of 1st period - Carson Soucy is ejected from game.
15:16 of 1st period - Austin Czarnik wins face-off versus Yan Gourde in COLUMBUS Blue Jackets zone.
15:47 of 1st period - Shot by Austin Czarnik.
15:47 of 1st period - Stopped by Vitek Vanecek without a rebound.
15:48 of 1st period - T.J. Oshie wins face-off versus Artturi Lehkonen in COLUMBUS Blue Jackets zone.
15:51 of 1st period - Shot by Charlie Coyle.
15:51 of 1st period - Shot Blocked by Dante Fabbro.
16:31 of 1st period - Artturi Lehkonen is hit by Tomas Tatar and loses puck.
16:52 of 1st period - Icing by Adam Fox.
16:53 of 1st period - T.J. Oshie wins face-off versus Bo Horvat in PHILADELPHIA Flyers zone.
17:26 of 1st period - Matt Roy is hit by Pierre-luc Dubois and loses puck.
17:59 of 1st period - Tyler Johnson is hit by Seth Jarvis and loses puck.
19:08 of 1st period - Shot by John Marino.
19:08 of 1st period - Stopped by Stuart Skinner without a rebound.
19:09 of 1st period - Colin Blackwell wins face-off versus Seth Jarvis in PHILADELPHIA Flyers zone.
Goals for this period are 2 for PHILADELPHIA Flyers vs 1 for COLUMBUS Blue Jackets .
Shots for this period are 11 for PHILADELPHIA Flyers vs 9 for COLUMBUS Blue Jackets .

2nd period


0:01 of 2nd period - Jack Roslovic wins face-off versus Austin Czarnik in neutral zone.
0:12 of 2nd period - Shot by Pavel Buchnevich.
0:12 of 2nd period - Deflect By Austin Czarnik.
0:12 of 2nd period - Shot Blocked by John Marino.
0:37 of 2nd period - Tyler Johnson is hit by Tj Brodie and loses puck.
1:34 of 2nd period - Shot by Oscar Klefbom.
1:34 of 2nd period - Shot Blocked by Sven Baertschi.
2:08 of 2nd period - Icing by Matt Roy.
2:09 of 2nd period - Charlie Coyle wins face-off versus Colin Blackwell in PHILADELPHIA Flyers zone.
2:21 of 2nd period - Icing by John Marino.
2:22 of 2nd period - Seth Jarvis wins face-off versus Colin Blackwell in COLUMBUS Blue Jackets zone.
2:55 of 2nd period - Shot by Carl Grundstrom.
2:55 of 2nd period - Stopped by Vitek Vanecek without a rebound.
2:56 of 2nd period - Pierre-luc Dubois wins face-off versus Austin Czarnik in COLUMBUS Blue Jackets zone.
2:56 of 2nd period - Pierre-luc Dubois is hit by Vincent Hinostroza.
3:31 of 2nd period - Shot by Jack Roslovic.
3:31 of 2nd period - Shot Misses the Net.
3:48 of 2nd period - Icing by Jordan Gross.
3:49 of 2nd period - T.J. Oshie wins face-off versus Pierre-luc Dubois in COLUMBUS Blue Jackets zone.
4:39 of 2nd period - Shot by Sven Baertschi.
4:39 of 2nd period - Shot Misses the Net.
4:41 of 2nd period - Shot by Dante Fabbro.
4:41 of 2nd period - Stopped by Stuart Skinner with a rebound.
4:49 of 2nd period - Shot by John Marino.
4:49 of 2nd period - Stopped by Stuart Skinner with a rebound.
5:19 of 2nd period - Shot by Colin Blackwell.
5:19 of 2nd period - Stopped by Stuart Skinner without a rebound.
5:20 of 2nd period - Austin Czarnik wins face-off versus Rudolfs Balcers in PHILADELPHIA Flyers zone.
5:25 of 2nd period - Vincent Hinostroza is hit by Rudolfs Balcers and loses puck.
5:29 of 2nd period - Icing by Brandon Montour.
5:30 of 2nd period - Colin Blackwell wins face-off versus Austin Czarnik in PHILADELPHIA Flyers zone.
5:31 of 2nd period - Shot by Artturi Lehkonen.
5:31 of 2nd period - Shot Blocked by Brandon Montour.
6:05 of 2nd period - Shot by Nino Niederreiter.
6:05 of 2nd period - Deflect By Artturi Lehkonen.
6:05 of 2nd period - Shot Hit the Post.
6:34 of 2nd period - Shot by Jack Roslovic.
6:34 of 2nd period - Shot Misses the Net.
6:48 of 2nd period - Shot by Tyler Johnson.
6:48 of 2nd period - Deflect By Jack Roslovic.
6:48 of 2nd period - Shot Misses the Net.
6:50 of 2nd period - Shot by Tyler Johnson.
6:50 of 2nd period - Stopped by Stuart Skinner without a rebound.
6:51 of 2nd period - Bo Horvat wins face-off versus Seth Jarvis in PHILADELPHIA Flyers zone.
6:58 of 2nd period - Shot by Bo Horvat.
6:58 of 2nd period - Shot Misses the Net.
7:10 of 2nd period - Shot by Yan Gourde.
7:10 of 2nd period - Stopped by Stuart Skinner with a rebound.
7:12 of 2nd period - Shot by Bo Horvat.
7:12 of 2nd period - Goal by Bo Horvat - PHILADELPHIA Flyers : 2 - COLUMBUS Blue Jackets : 2.
7:13 of 2nd period - Tomas Tatar wins face-off versus Pierre-luc Dubois in neutral zone.
7:25 of 2nd period - Tyler Johnson is hit by Oscar Klefbom and loses puck.
8:03 of 2nd period - Off-side.
8:04 of 2nd period - Bo Horvat wins face-off versus Austin Czarnik in neutral zone.
8:04 of 2nd period - Bo Horvat is hit by Austin Czarnik.
8:07 of 2nd period - Yan Gourde is hit by Vincent Hinostroza and loses puck.
8:18 of 2nd period - Shot by Yan Gourde.
8:18 of 2nd period - Stopped by Stuart Skinner without a rebound.
8:19 of 2nd period - Nick Paul wins face-off versus Charlie Coyle in PHILADELPHIA Flyers zone.
9:28 of 2nd period - Shot by Pierre-luc Dubois.
9:28 of 2nd period - Shot Misses the Net.
9:36 of 2nd period - Shot by Tyler Johnson.
9:36 of 2nd period - Shot Blocked by Matt Roy.
9:45 of 2nd period - Icing by Haydn Fleury.
9:46 of 2nd period - Bo Horvat wins face-off versus Charlie Coyle in PHILADELPHIA Flyers zone.
10:16 of 2nd period - Yan Gourde is hit by Haydn Fleury and loses puck.
10:35 of 2nd period - Jordan Gross is hit by Pavel Buchnevich and loses puck.
12:36 of 2nd period - Shot by Tyler Johnson.
12:36 of 2nd period - Goal by Tyler Johnson - PHILADELPHIA Flyers : 2 - COLUMBUS Blue Jackets : 3.
12:37 of 2nd period - Austin Czarnik wins face-off versus Colin Blackwell in neutral zone.
12:43 of 2nd period - Icing by Dante Fabbro.
12:44 of 2nd period - Colin Blackwell wins face-off versus Austin Czarnik in COLUMBUS Blue Jackets zone.
13:10 of 2nd period - Shot by Brandon Montour.
13:10 of 2nd period - Stopped by Vitek Vanecek without a rebound.
13:11 of 2nd period - Jordan Staal wins face-off versus Jack Roslovic in COLUMBUS Blue Jackets zone.
13:18 of 2nd period - Shot by T.J. Oshie.
13:18 of 2nd period - Stopped by Vitek Vanecek with a rebound.
13:51 of 2nd period - Shot by Tj Brodie.
13:51 of 2nd period - Stopped by Vitek Vanecek without a rebound.
13:52 of 2nd period - Austin Czarnik wins face-off versus Nick Paul in COLUMBUS Blue Jackets zone.
14:11 of 2nd period - Shot by Pavel Buchnevich.
14:11 of 2nd period - Shot Misses the Net.
15:00 of 2nd period - Pierre-luc Dubois is hit by Oscar Klefbom and loses puck.
15:04 of 2nd period - Tyler Johnson is hit by Oscar Klefbom and loses puck.
15:07 of 2nd period - Shot by Pierre-luc Dubois.
15:07 of 2nd period - Shot Misses the Net.
15:30 of 2nd period - Shot by Tim Stutzle.
15:30 of 2nd period - Shot Blocked by Will Borgen.
15:32 of 2nd period - Shot by Charlie Coyle.
15:32 of 2nd period - Shot Misses the Net.
15:34 of 2nd period - Shot by Kasperi Kapanen.
15:34 of 2nd period - Shot Misses the Net.
16:44 of 2nd period - Icing by Seth Jarvis.
16:45 of 2nd period - Pierre-luc Dubois wins face-off versus Seth Jarvis in PHILADELPHIA Flyers zone.
16:45 of 2nd period - Pierre-luc Dubois is hit by Matt Roy.
16:55 of 2nd period - Shot by Seth Jarvis.
16:55 of 2nd period - Stopped by Vitek Vanecek without a rebound.
16:56 of 2nd period - Nick Paul wins face-off versus Austin Czarnik in COLUMBUS Blue Jackets zone.
17:05 of 2nd period - Shot by Rudolfs Balcers.
17:05 of 2nd period - Stopped by Stuart Skinner with a rebound.
17:42 of 2nd period - Shot by Jack Roslovic.
17:42 of 2nd period - Deflect By Tyler Johnson.
17:42 of 2nd period - Stopped by Stuart Skinner without a rebound.
17:43 of 2nd period - Pierre-luc Dubois wins face-off versus Jordan Staal in PHILADELPHIA Flyers zone.
18:00 of 2nd period - Tyler Johnson is hit by Jordan Staal and loses puck.
18:01 of 2nd period - Tyler Johnson from COLUMBUS Blue Jackets is injured at 18:01 of 2nd period (Strained Left Elbow).
18:02 of 2nd period - Colin Blackwell wins face-off versus Charlie Coyle in COLUMBUS Blue Jackets zone.
18:19 of 2nd period - Shot by Tim Stutzle.
18:19 of 2nd period - Deflect By Kasperi Kapanen.
18:19 of 2nd period - Shot Hit the Post.
18:21 of 2nd period - Shot by Kasperi Kapanen.
18:21 of 2nd period - Stopped by Vitek Vanecek with a rebound.
18:37 of 2nd period - Shot by Kasperi Kapanen.
18:37 of 2nd period - Shot Misses the Net.
18:39 of 2nd period - Shot by Charlie Coyle.
18:39 of 2nd period - Stopped by Vitek Vanecek with a rebound.
18:41 of 2nd period - Shot by Matt Roy.
18:41 of 2nd period - Stopped by Vitek Vanecek without a rebound.
18:42 of 2nd period - Pierre-luc Dubois wins face-off versus Austin Czarnik in COLUMBUS Blue Jackets zone.
19:01 of 2nd period - Shot by Jack Roslovic.
19:01 of 2nd period - Shot Misses the Net.
19:07 of 2nd period - Shot by Colin Blackwell.
19:07 of 2nd period - Shot Blocked by Tj Brodie.
19:09 of 2nd period - Shot by Colin Blackwell.
19:09 of 2nd period - Shot Misses the Net.
19:14 of 2nd period - Icing by Adam Fox.
19:15 of 2nd period - Bo Horvat wins face-off versus Austin Czarnik in PHILADELPHIA Flyers zone.
19:34 of 2nd period - Shot by Sven Baertschi.
19:34 of 2nd period - Shot Misses the Net.
19:45 of 2nd period - Adam Fox is hit by Bo Horvat.
19:50 of 2nd period - Austin Czarnik is hit by William Lagesson and loses puck.
Goals for this period are 0 for PHILADELPHIA Flyers vs 2 for COLUMBUS Blue Jackets .
Shots for this period are 8 for PHILADELPHIA Flyers vs 10 for COLUMBUS Blue Jackets .

3rd period


0:01 of 3rd period - Jordan Staal wins face-off versus Pierre-luc Dubois in neutral zone.
0:20 of 3rd period - Shot by Tj Brodie.
0:20 of 3rd period - Stopped by Vitek Vanecek without a rebound.
0:21 of 3rd period - Bo Horvat wins face-off versus Austin Czarnik in COLUMBUS Blue Jackets zone.
0:21 of 3rd period - Sven Baertschi is hit by Vincent Hinostroza and loses puck.
0:36 of 3rd period - Shot by Bo Horvat.
0:36 of 3rd period - Shot Misses the Net.
0:38 of 3rd period - Shot by Bo Horvat.
0:38 of 3rd period - Stopped by Stuart Skinner without a rebound.
0:39 of 3rd period - Pierre-luc Dubois wins face-off versus Jordan Staal in PHILADELPHIA Flyers zone.
0:57 of 3rd period - Shot by Jordan Staal.
0:57 of 3rd period - Shot Misses the Net.
1:13 of 3rd period - Shot by Tomas Tatar.
1:13 of 3rd period - Shot Misses the Net.
1:15 of 3rd period - Shot by Tj Brodie.
1:15 of 3rd period - Stopped by Vitek Vanecek without a rebound.
1:16 of 3rd period - Vincent Hinostroza wins face-off versus Bo Horvat in COLUMBUS Blue Jackets zone.
1:37 of 3rd period - Shot by Pavel Buchnevich.
1:37 of 3rd period - Stopped by Vitek Vanecek with a rebound.
2:17 of 3rd period - Shot by Justin Danforth.
2:17 of 3rd period - Stopped by Stuart Skinner without a rebound.
2:18 of 3rd period - Charlie Coyle wins face-off versus Pierre-luc Dubois in PHILADELPHIA Flyers zone.
2:38 of 3rd period - Dante Fabbro is hit by Adam Fox and loses puck.
3:56 of 3rd period - T.J. Oshie is hit by William Lagesson and loses puck.
3:58 of 3rd period - Minor Penalty to William Lagesson for Tripping.
3:59 of 3rd period - Austin Czarnik wins face-off versus Yan Gourde in COLUMBUS Blue Jackets zone.
4:04 of 3rd period - Shot by Pavel Buchnevich.
4:04 of 3rd period - Stopped by Vitek Vanecek without a rebound.
4:05 of 3rd period - Austin Czarnik wins face-off versus Yan Gourde in COLUMBUS Blue Jackets zone.
4:16 of 3rd period - Shot by Brandon Montour.
4:16 of 3rd period - Shot Misses the Net.
4:18 of 3rd period - Shot by Brandon Montour.
4:18 of 3rd period - Stopped by Vitek Vanecek without a rebound.
4:19 of 3rd period - Yan Gourde wins face-off versus Austin Czarnik in COLUMBUS Blue Jackets zone.
5:15 of 3rd period - Shot by Oscar Klefbom.
5:15 of 3rd period - Stopped by Vitek Vanecek with a rebound.
5:17 of 3rd period - Shot by Oscar Klefbom.
5:17 of 3rd period - Stopped by Vitek Vanecek without a rebound.
5:18 of 3rd period - Bo Horvat wins face-off versus T.J. Oshie in COLUMBUS Blue Jackets zone.
6:18 of 3rd period - Shot by Jack Roslovic.
6:18 of 3rd period - Stopped by Stuart Skinner without a rebound.
6:19 of 3rd period - Austin Czarnik wins face-off versus Nick Paul in PHILADELPHIA Flyers zone.
6:19 of 3rd period - Austin Czarnik is hit by Rudolfs Balcers.
6:25 of 3rd period - Vincent Hinostroza is hit by Justin Danforth and loses puck.
7:07 of 3rd period - Icing by Tj Brodie.
7:08 of 3rd period - Austin Czarnik wins face-off versus Pierre-luc Dubois in PHILADELPHIA Flyers zone.
7:08 of 3rd period - Austin Czarnik is hit by Pierre-luc Dubois.
7:35 of 3rd period - T.J. Oshie is hit by John Marino and loses puck.
7:39 of 3rd period - Icing by Jack Roslovic.
7:40 of 3rd period - Charlie Coyle wins face-off versus Pierre-luc Dubois in COLUMBUS Blue Jackets zone.
7:57 of 3rd period - Shot by Tim Stutzle.
7:57 of 3rd period - Stopped by Vitek Vanecek without a rebound.
7:58 of 3rd period - Jordan Staal wins face-off versus Sven Baertschi in COLUMBUS Blue Jackets zone.
8:29 of 3rd period - Shot by Bo Horvat.
8:29 of 3rd period - Stopped by Stuart Skinner without a rebound.
8:30 of 3rd period - Colin Blackwell wins face-off versus Austin Czarnik in PHILADELPHIA Flyers zone.
8:37 of 3rd period - Shot by Artturi Lehkonen.
8:37 of 3rd period - Shot Blocked by Austin Czarnik.
8:41 of 3rd period - Shot by Artturi Lehkonen.
8:41 of 3rd period - Stopped by Stuart Skinner without a rebound.
8:42 of 3rd period - Pierre-luc Dubois wins face-off versus Charlie Coyle in PHILADELPHIA Flyers zone.
8:49 of 3rd period - Shot by Jack Roslovic.
8:49 of 3rd period - Shot Misses the Net.
11:07 of 3rd period - Off-side.
11:08 of 3rd period - Charlie Coyle wins face-off versus Colin Blackwell in neutral zone.
11:21 of 3rd period - Colin Blackwell is hit by Matt Roy and loses puck.
12:05 of 3rd period - Icing by Haydn Fleury.
12:06 of 3rd period - Justin Danforth wins face-off versus Kasperi Kapanen in PHILADELPHIA Flyers zone.
12:10 of 3rd period - Justin Danforth is hit by Matt Roy and loses puck.
13:16 of 3rd period - Shot by Jack Roslovic.
13:16 of 3rd period - Deflect By Artturi Lehkonen.
13:16 of 3rd period - Shot Misses the Net.
13:18 of 3rd period - Shot by Artturi Lehkonen.
13:18 of 3rd period - Stopped by Stuart Skinner without a rebound.
13:19 of 3rd period - Jordan Staal wins face-off versus Yan Gourde in PHILADELPHIA Flyers zone.
13:59 of 3rd period - Icing by Oscar Klefbom.
14:00 of 3rd period - Tomas Tatar wins face-off versus Pierre-luc Dubois in PHILADELPHIA Flyers zone.
14:00 of 3rd period - Tomas Tatar is hit by Pierre-luc Dubois.
14:28 of 3rd period - Shot by Artturi Lehkonen.
14:28 of 3rd period - Stopped by Stuart Skinner without a rebound.
14:29 of 3rd period - Austin Czarnik wins face-off versus Nick Paul in PHILADELPHIA Flyers zone.
15:05 of 3rd period - Shot by Austin Czarnik.
15:05 of 3rd period - Shot Misses the Net.
15:07 of 3rd period - Shot by Vincent Hinostroza.
15:07 of 3rd period - Stopped by Vitek Vanecek without a rebound.
15:08 of 3rd period - Pierre-luc Dubois wins face-off versus Charlie Coyle in COLUMBUS Blue Jackets zone.
15:15 of 3rd period - Shot by Jack Roslovic.
15:15 of 3rd period - Shot Misses the Net.
15:25 of 3rd period - Shot by Pierre-luc Dubois.
15:25 of 3rd period - Shot Misses the Net.
15:37 of 3rd period - Shot by Pierre-luc Dubois.
15:37 of 3rd period - Shot Misses the Net.
15:39 of 3rd period - Shot by Jack Roslovic.
15:39 of 3rd period - Deflect By Pierre-luc Dubois.
15:39 of 3rd period - Shot Misses the Net.
16:24 of 3rd period - Bo Horvat is hit by Adam Fox and loses puck.
16:35 of 3rd period - Shot by Vincent Hinostroza.
16:35 of 3rd period - Shot Misses the Net.
16:42 of 3rd period - John Marino is hit by Tj Brodie and loses puck.
17:07 of 3rd period - Shot by Rudolfs Balcers.
17:07 of 3rd period - Shot Misses the Net.
17:09 of 3rd period - Shot by Jordan Gross.
17:09 of 3rd period - Stopped by Stuart Skinner without a rebound.
17:10 of 3rd period - Jordan Staal wins face-off versus Colin Blackwell in PHILADELPHIA Flyers zone.
17:23 of 3rd period - Shot by Nino Niederreiter.
17:23 of 3rd period - Deflect By Artturi Lehkonen.
17:23 of 3rd period - Stopped by Stuart Skinner with a rebound.
17:25 of 3rd period - Shot by Artturi Lehkonen.
17:25 of 3rd period - Stopped by Stuart Skinner with a rebound.
17:36 of 3rd period - Icing by William Lagesson.
17:37 of 3rd period - Colin Blackwell wins face-off versus Seth Jarvis in COLUMBUS Blue Jackets zone.
17:43 of 3rd period - Icing by Adam Fox.
17:44 of 3rd period - Seth Jarvis wins face-off versus Pierre-luc Dubois in PHILADELPHIA Flyers zone.
17:59 of 3rd period - Shot by Carl Grundstrom.
17:59 of 3rd period - Stopped by Vitek Vanecek without a rebound.
18:00 of 3rd period - Bo Horvat wins face-off versus Jordan Staal in COLUMBUS Blue Jackets zone.
18:02 of 3rd period - Icing by Yan Gourde.
18:03 of 3rd period - Jordan Staal wins face-off versus Bo Horvat in COLUMBUS Blue Jackets zone.
18:26 of 3rd period - PHILADELPHIA Flyers, Stuart Skinner is pulled from the net.
18:38 of 3rd period - Shot by Tomas Tatar.
18:38 of 3rd period - Stopped by Vitek Vanecek without a rebound.
18:39 of 3rd period - Pierre-luc Dubois wins face-off versus Austin Czarnik in COLUMBUS Blue Jackets zone.
18:39 of 3rd period - Pierre-luc Dubois is hit by Pavel Buchnevich.
18:51 of 3rd period - Shot by Jack Roslovic.
18:51 of 3rd period - Shot Misses the Net.
Goals for this period are 0 for PHILADELPHIA Flyers vs 0 for COLUMBUS Blue Jackets .
Shots for this period are 11 for PHILADELPHIA Flyers vs 10 for COLUMBUS Blue Jackets .